 Dungeon Sprint DCSS version 0.19.5 (webtiles) character file.

423 Mesmaeker13 the Cleaver (level 6, 0/66 HPs)
             Began as a Minotaur Gladiator on Apr 4, 2017.
             Was an Initiate of Okawaru.
             Slain by Sonja
             ... wielding a +1 short sword of venom
              (6 damage)
             ... in the Dungeon (Sprint I: "Red Sonja").
             The game lasted 00:01:25 (238 turns).

Mesmaeker13 the Cleaver (Minotaur Gladiator)         Turns: 238, Time: 00:01:26

Health: 0/66       AC:  3    Str: 21    XL:     6   Next: 63%
Magic:  5/5        EV: 14    Int:  5    God:    Okawaru [......]
Gold:   309        SH:  0    Dex: 11    Spells: 0 memorised, 5 levels left

rFire  . . .     SeeInvis .     a - +0 war axe
rCold  . . .     Gourm    .     b - +0 leather armour
rNeg   . . .     Faith    .     (no shield)
rPois  .         Spirit   .     c - +0 hat
rElec  .         Reflect  .     (no cloak)
rCorr  .         Harm     .     (no gloves)
MR     .....     NoTele   +     (no boots)
Stlth  +.........               (no amulet)
                                (no ring)
                                (no ring)

@: lethally poisoned (0 -> -108), exhausted, slowed, very slow
A: retaliatory headbutt, horns 2
a: Renounce Religion


You were in the Dungeon.
You worshipped Okawaru.
Okawaru was noncommittal.
You were not hungry.

You visited 1 branch You collected 309 gold pieces.

Inventory:

Hand Weapons
 a - a +0 war axe (weapon)
Armour
 b - a +0 leather armour (worn)
 c - a +0 hat (worn)
Scrolls
 k - a scroll of blinking
 m - a scroll of amnesia {unknown}
Potions
 e - a potion of curing
 g - a potion of heal wounds
 h - a potion of haste
 i - 2 potions of magic
Comestibles
 f - a bread ration
 l - 10 chunks of flesh


   Skills:
 + Level 10.1 Fighting
 + Level 10.5 Axes
 - Level 7.5 Throwing
 + Level 5.4 Dodging


You had 5 spell levels left.
You didn't know any spells.

Dungeon Overview and Level Annotations

Branches:
Dungeon (1/1)

Altars:
Cheibriados
Dithmenos
Elyvilon
Fedhas
Gozag
Hepliaklqana
Kikubaaqudgha
Nemelex Xobeh
Okawaru
Qazlal
Ru
Sif Muna
Trog
Uskayaw
Vehumet
Yredelemnul
Zin
The Shining One

Shops:
D [

Annotations:
D Sonja


Innate Abilities, Weirdness & Mutations

You reflexively headbutt those who attack you in melee.
You have a pair of horns on your head.


Message History

You miss Sonja.
Sonja is severely wounded.
* * * LOW HITPOINT WARNING * * *
You feel very sick.
Sonja hits you with an uncursed short sword of venom.
* * * LOW HITPOINT WARNING * * *
You are more poisoned.
Sonja misses you.
Sonja hits you with an uncursed short sword of venom!
* * * LOW HITPOINT WARNING * * *
You are more poisoned.
You completely miss Sonja.
Sonja is severely wounded.
You are no longer berserk.
You are exhausted.
You feel yourself slow down.
* * * LOW HITPOINT WARNING * * *
You feel very sick.
Sonja hits you with an uncursed short sword of venom.
You die...

################
#<.#..').#.)'..#
#..').#..'..#..+
#..#####'#####'#
#..####..#(..#.#
#..#__####..##.#
#..#_____##'#..+
#⌠⌠#_.∩...'.(._#
####_..__##_@#+#
#_____###K#
####### #.# $.$
$.$ ##.## #+#


You could see Sonja.

Vanquished Creatures
  Sigmund (D)
  A yak (D)
  An ogre (D)
  A jelly (D)
  Ijyb (D)
5 creatures vanquished.

Notes
Turn   | Place    | Note
-------+----------+-------------------------------------------
     0 | D        | Mesmaeker13 the Minotaur Gladiator began the quest for the Orb.
     0 | D        | Reached XP level 1. HP: 18/18 MP: 0/0
     1 | D        | Noticed Ijyb
     9 | D        | Killed Ijyb
     9 | D        | Reached skill level 5 in Axes
     9 | D        | Reached XP level 2. HP: 19/28 MP: 1/1
   101 | D        | Noticed an ogre
   107 | D        | Killed an ogre
   107 | D        | Reached skill level 5 in Throwing
   107 | D        | Reached XP level 3. HP: 38/38 MP: 2/2
   107 | D        | Reached XP level 4. HP: 45/45 MP: 3/3
   120 | D        | Noticed Sigmund
   127 | D        | Killed Sigmund
   127 | D        | Reached XP level 5. HP: 50/56 MP: 4/4
   166 | D        | Found a deep blue altar of Sif Muna.
   168 | D        | Found a radiant altar of Vehumet.
   172 | D        | Reached XP level 6. HP: 54/63 MP: 5/5
   197 | D        | Found Peant's Antique Armour Emporium.
   197 | D        | Found an ancient bone altar of Kikubaaqudgha.
   197 | D        | Found a hazy altar of Hepliaklqana.
   197 | D        | Found a stormy altar of Qazlal.
   197 | D        | Found a hide-covered altar of Uskayaw.
   197 | D        | Found a blossoming altar of Fedhas.
   197 | D        | Found a bloodstained altar of Trog.
   197 | D        | Found an iron altar of Okawaru.
   197 | D        | Found a basalt altar of Yredelemnul.
   197 | D        | Found a glowing golden altar of the Shining One.
   197 | D        | Found a snail-covered altar of Cheibriados.
   197 | D        | Found a sacrificial altar of Ru.
   197 | D        | Found a glowing silver altar of Zin.
   197 | D        | Found a shadowy altar of Dithmenos.
   197 | D        | Found a white marble altar of Elyvilon.
   197 | D        | Noticed a yak
   203 | D        | Killed a yak
   203 | D        | Reached skill level 10 in Fighting
   203 | D        | Reached skill level 10 in Axes
   203 | D        | Reached skill level 5 in Dodging
   204 | D        | Found an opulent altar of Gozag.
   207 | D        | Found a sparkling altar of Nemelex Xobeh.
   213 | D        | Became a worshipper of Warmaster Okawaru
   222 | D        | Noticed Sonja
   238 | D        | Slain by Sonja

Skill      XL: |  1  2  3  4  5  6 |
---------------+-------------------+-----
Fighting       | 4 6 8 9 10 | 10.1
Axes           | 5 7 9 10 | 10.5
Throwing       | 3 5 7 |  7.5
Dodging        | 5 |  5.4

Action                   |  1- 3 |  4- 6 || total
-------------------------+-------+-------++-------
Melee: War axe           |    11 |    24 ||    35
       Headbutt          |     1 |     2 ||     3
Throw: Throwing net      |     1 |     3 ||     4
  Use: Potion            |       |     1 ||     1
Armor: Leather armour    |     1 |     6 ||     7
Dodge: Dodged            |     5 |    27 ||    32
